 Dungeon Crawl Stone Soup version 0.31-a0-851-g7ff8af7976 (webtiles) character file.

Game seed: 17505114774103799135

232810 mive the Fighter (level 18, -2/148 HPs)
             Began as a Vampire Wanderer on Oct 4, 2023.
             Was a High Priest of Kikubaaqudgha.
             Slain by a tarantella simulacrum (8 damage)
             ... on level 3 of the Spider Nest on Oct 6, 2023.
             The game lasted 07:01:04 (58731 turns).

mive the Fighter (Vampire Wanderer)                Turns: 58731, Time: 07:01:04

Health: -2/148     AC: 15    Str:  8    XL:     18   Next: 83%
Magic:  20/32      EV: 18    Int: 20    God:    Kikubaaqudgha [*****.]
Gold:   1070       SH: 13    Dex: 21    Spells: 2/37 levels left

rFire   + . .        A - +2 demon blade (elec)
rCold   + . .        d - +1 kite shield {reflect}
rNeg    . . .        Y - +0 steam dragon scales
rPois   .            v - +3 crown of Dyrovepreva {rElec Int+2 SInv}
rElec   +            F - +0 cloak
rCorr   .            j - +2 pair of gloves
SInv    +            m - +0 pair of boots
Will    +....        I - amulet of regeneration
Stlth   ++++++       N - ring of protection from fire
HPRegen 1.44/turn    h - ring of protection from cold
MPRegen 0.23/turn

%: reflection
@: lethally poisoned (-2 -> -14), animating dead, healing quickly, studying
Stealth
A: alive, fangs 3, see invisible, vampiric 2
}: 1/15 runes: barnacled
a: Exsanguinate, Renounce Religion, Unearth Wretches, Torment


You were on level 3 of the Spider Nest.
You worshipped Kikubaaqudgha.
Kikubaaqudgha was extremely pleased with you.
You visited 7 branches of the dungeon, and saw 34 of its levels.
You also visited: Ossuary.

You collected 3053 gold pieces.
You spent 1983 gold pieces at shops.

Inventory:

Hand Weapons
 a - a +0 double sword of flaming
 A - a +2 demon blade of electrocution (weapon)
Missiles
 i - 6 throwing nets
 r - 12 silver javelins (quivered)
 w - 28 boomerangs
 M - 4 poisoned darts
Armour
 d - a +1 kite shield of reflection (worn)
 j - a +2 pair of gloves (worn)
 m - a +0 pair of boots (worn)
 n - +0 acid dragon scales
 v - the +3 crown of Dyrovepreva (worn) {rElec Int+2 SInv}
   (You found it on level 2 of the Spider Nest)

   Int+2:     It affects your intelligence (+2).
   rElec:     It insulates you from electricity.
   SInv:      It lets you see invisible.
 F - a +0 cloak (worn)
 S - a +0 buckler
 Y - +0 steam dragon scales (worn)
Magical Staves
 R - a staff of death
Jewellery
 h - a ring of protection from cold (right hand)
 u - the ring of Xochocw {Wiz rN+ Str+5}
   (You acquired it on level 2 of the Elven Halls)

   [ring of wizardry]

   Wiz:       It improves your spell success rate.
   Str+5:     It affects your strength (+5).
   rN+:       It protects you from negative energy.
 E - a ring of willpower
 I - an amulet of regeneration (around neck)
 N - a ring of protection from fire (left hand)
 U - a ring of poison resistance
Wands
 b - a wand of digging (13)
 C - a wand of quicksilver (3)
 D - a wand of polymorph (19)
 X - a wand of paralysis (9)
Scrolls
 c - 2 scrolls of teleportation
 g - 2 scrolls of silence
 o - 5 scrolls of vulnerability
 t - a scroll of fear
 J - 2 scrolls of blinking
 K - 3 scrolls of poison
 O - 2 scrolls of fog
 P - 4 scrolls of summoning
 Z - 2 scrolls of immolation
Potions
 e - a potion of haste
 f - 8 potions of curing
 k - 3 potions of lignification
 l - a potion of ambrosia
 p - 5 potions of brilliance
 q - 4 potions of cancellation
 y - a potion of heal wounds
 z - 4 potions of attraction
 G - 3 potions of enlightenment
 H - 4 potions of might
 L - 2 potions of berserk rage
 Q - a potion of magic
 T - a potion of invisibility
 V - a potion of resistance
 W - 4 potions of mutation
Miscellaneous
 s - a phantom mirror
 x - a lightning rod (4/4)
 B - a box of beasts


   Skills:
 + Level 14.9 Fighting
 - Level 5.0(10.8) Short Blades
 - Level 13.6(14.0) Long Blades
 - Level 1.5 Staves
 - Level 1.0 Throwing
 - Level 6.2 Armour
 - Level 11.0 Dodging
 - Level 14.8 Stealth
 + Level 9.0 Shields
 + Level 10.0 Spellcasting
 - Level 6.2 Conjurations
 + Level 12.2 Hexes
 - Level 11.6 Necromancy
 - Level 2.2 Translocations
 - Level 4.6 Air Magic
 + Level 9.9 Earth Magic
 - Level 2.0 Poison Magic
 - Level 5.0 Evocations


You had 2 spell levels left.
You knew the following spells:

 Your Spells              Type           Power      Damage    Failure   Level
a - Apportation           Tloc           36%        N/A       11%         1
b - Mephitic Cloud        Conj/Pois/Air  27%        N/A       13%         3
c - Lee's Rapid Deconstr  Erth           24%        3d13*     12%         5
d - Borgnjor's Vile Clut  Necr/Erth      26%        N/A       9%          5
e - Animate Dead          Necr           54%        N/A       2%          4
f - Fulminant Prism       Conj/Hex       23%        3d12      5%          4
g - Anguish               Hex/Necr       27%        N/A       1%          4
h - Dispel Undead         Necr           54%        3d20      2%          4
i - Tukima's Dance        Hex            56%        N/A       1%          3
B - Blink                 Tloc           36%        N/A       16%         2

Your spell library contained the following spells:

 Spells                   Type           Power      Damage    Failure   Level
 Kiss of Death            Conj/Necr      100%       2d13      1%          1
 Magic Dart               Conj           100%       1d8       1%          1
 Necrotise                Necr           100%       1d9       1%          1
 Sandblast                Erth           98%        2d20      1%          1
 Slow                     Hex            100%       N/A       1%          1
 Jinxbite                 Hex            100%       N/A       1%          2
 Sublimation of Blood     Necr           54%        N/A       1%          2
 Cigotuvi's Dreadful Rot  Necr/Pois/Air  68%        N/A       3%          2
 Passwall                 Tmut/Erth      24%        N/A       4%          2
 Momentum Strike          Conj/Tloc      52%        3d9       7%          2
 Lesser Beckoning         Tloc           36%        N/A       16%         2
 Call Imp                 Summ           20%        N/A       36%         2
 Confusing Touch          Hex            56%        N/A       1%          3
 Dazzling Flash           Conj/Hex       94%        N/A       1%          3
 Sigil of Binding         Hex            56%        N/A       1%          3
 Vampiric Draining        Necr           54%        2d9       1%          3
 Cause Fear               Hex            28%        N/A       1%          4
 Stone Arrow              Conj/Erth      84%        3d12      2%          3
 Agony                    Necr           54%        N/A       6%          5
 Brom's Barrelling Bould  Conj/Erth      42%        2d6       9%          4
 Silence                  Hex/Air        21%        N/A       22%         5
 Animate Armour           Summ/Erth      58%        N/A       32%         4
 Death Channel            Necr           27%        N/A       32%         6
 Iskenderun's Mystic Bla  Conj/Tloc      26%        2d7       41%         4
 Volatile Blastmotes      Fire/Tloc      28%        2d12      43%         3
 Summon Mana Viper        Hex/Summ       34%        N/A       50%         5
 Yara's Violent Unravell  Hex/Tmut       17%        3d8       50%         5
 Summon Lightning Spire   Summ/Air       19%        N/A       69%         4
 Manifold Assault         Tloc           18%        N/A       71%         4
 Passage of Golubria      Tloc           18%        N/A       71%         4
 Fireball                 Conj/Fire      11%        3d7       89%         5
 Summon Ice Beast         Ice/Summ       10%        N/A       94%         4
 Simulacrum               Ice/Necr       16%        N/A       98%         6
 Alistair's Intoxication  Tmut/Pois      9%         N/A       99%         5
 Monstrous Menagerie      Summ           5%         N/A       100%        7
 Dragon's Call            Summ           5%         N/A       100%        9
 Death's Door             Necr           Unusable   N/A       N/A         9

Dungeon Overview and Level Annotations

Branches:
Dungeon (15/15)            Temple (1/1) D:5            Lair (5/5) D:8
 Shoals (4/4) Lair:2       Spider (4/4) Lair:3        Slime (0/5) Lair:5
    Orc (2/2) D:10            Elf (3/3) Orc:2        Vaults (0/5) D:14
 Depths (0/4) D:15        Ossuary (visited)

Altars:
Ashenzari
Cheibriados
Dithmenos
Fedhas
Gozag
Hepliaklqana
Kikubaaqudgha
Makhleb
Nemelex Xobeh
Okawaru
Qazlal
Ru
Sif Muna
Trog
Uskayaw
Vehumet
Wu Jian
Xom
Yredelemnul

Shops:
D:4 !   D:8 =   D:9 (   D:10 [   D:11 !   D:12 *?(*[   Orc:1 (   Orc:2 !?[=
Elf:1 [(*=(=:=   Elf:2 [*[[=   Shoals:3 (

Portals:
Pandemonium: Orc:2

Annotations:
D:7 Joseph
D:14 2 transporters, Domiom's ghost, journeyman DsAr; Roxanne
Lair:4 exclusions: hydra and oklob plant
Lair:5 exclusion: oklob plant
Shoals:1 2 transporters
Shoals:3 Mara
Spider:2 1 runed translucent door, Vetyenn's ghost, adept HOFi
Spider:3 Bai Suzhen
Orc:2 Azrael
Elf:1 3 runed translucent doors, exclusion: obsidian statue, iamserjio's ghost, adept OpCK


Innate Abilities, Weirdness & Mutations

Your natural rate of healing is accelerated.
You have razor-sharp teeth.
You have supernaturally acute eyesight. (SInv)
You are afflicted with vampirism and can become a bat while bloodless.


Message History

The radroach barely misses you.
You slice the radroach!!
You kill the radroach!
Kikubaaqudgha accepts your kill.
A freezing mist starts to gather...
A radroach simulacrum comes into view.
You block the redback simulacrum's attack.
The redback bites you but does no damage.
The tarantella simulacrum hits you but does no damage.
Your Spellcasting skill increases to level 10!
You hit the radroach simulacrum but do no damage.
Lightning courses through the radroach simulacrum!
You bite the radroach simulacrum, but do no damage.
The radroach simulacrum is moderately damaged.
The redback bites you!
You are poisoned.
The redback poisons you!
The redback is wracked by anguish!
The redback simulacrum bites you but does no damage.
The tarantella simulacrum hits you. The tarantella simulacrum freezes you!
You resist. The redback misses you.
You block the redback simulacrum's attack.
Casting: Anguish (mildly dangerous; 1% risk of failure)
Confirm with . or Enter, or press ? or * to list all spells.
Aiming: Dispel Undead (mildly dangerous; 2% risk of failure)
Press: ? - help, Shift-Dir - straight line, f - redback simulacrum
Aim: a redback simulacrum (100% to hit)
The redback simulacrum is dispelled!!!
The redback simulacrum vaporises!
You feel extremely sick.
The tarantella simulacrum closely misses you.
The redback barely misses you. The radroach simulacrum bites you!
* * * LOW HITPOINT WARNING * * *
The radroach simulacrum freezes you! You resist.
* * * LOW HITPOINT WARNING * * *
You block the radroach simulacrum's attack.
The tarantella simulacrum hits you.
* * * LOW HITPOINT WARNING * * *
The tarantella simulacrum freezes you! You resist.
You die...
Kikubaaqudgha rasps: "You have failed me!
Welcome... death!"

#### #########
##..####...#...##
#....^.##....?..## #######
#....^..##.......# ####.....#
##.......##......###......^##
#.......>#.>...###.......##
#........#....##^#......##
#........#..###○.#.......#
###...^..^#....s@Z........#
..###^....#....Z...^...####
..^....................#
.....................###
....................##
..................<.#
.#####.............^#
.#.......^..........#
##...^..............#


You could see a redback (anguished), a tarantella simulacrum and a radroach
simulacrum.

Vanquished Creatures
  2 sphinxes
  Aizul (Spider:3)
  Donald (Orc:2)
  Ilsuiw (Shoals:3)
  The ghost of Talonman3 the Destroyer, a journeyman DrCj of Nemelex Xobeh (Shoals:1)
  A deep elf sorcerer (Elf:2)
  The ghost of Tinttamiau the Gelid, a journeyman DrIE of Hepliaklqana (Shoals:2)
  A ghost moth (Spider:2)
  2 orc warlords
  2 deep elf demonologists
  Nessos (D:14)
  A deep elf annihilator (Elf:2)
  2 minotaurs
  3 deep elf death magi
  2 spark wasps
  2 merfolk impalers
  2 merfolk javelineers
  Josephine (D:12)
  Fannar (D:12)
  2 entropy weavers (Spider:1)
  Erolcha (D:13)
  2 hydras (Lair:2)
  3 radroaches
  3 demonspawn
  7 centaur warriors
  Harold (D:9)
  A merfolk avatar (Shoals:4)
  A jorogumo (Spider:2)
  An alligator snapping turtle (Shoals:2)
  4 boulder beetles
  23 dancing weapons
  9 satyrs
  A tengu warrior (D:13)
  3 two-headed ogres
  4 death yaks
  A deep troll earth mage (D:15)
  6 orc high priests
  4 demonic crawlers
  12 deep elf knights
  Lodul (D:12)
  4 skysharks
  9 pharaoh ants
  5 skeletal warriors
  An orb spider (Spider:3)
  8 sea snakes
  A deep troll (D:15)
  8 deep elf archers
  4 steelbarb worms
  Pikel (D:7)
  14 harpies
  8 orc sorcerers
  16 deep elf zephyrmancers
  20 deep elf pyromancers
  12 ugly things
  A necromancer (Elf:1)
  6 orc knights
  10 wolf spiders
  14 fauns
  10 cyclopes
  2 moths of wrath
  11 manticores
  A black mamba (Lair:1)
  7 merfolk sirens
  5 elephants
  3 water nymphs (Shoals:2)
  A gargoyle (D:12)
  4 torpor snails
  6 cane toads
  A komodo dragon (shapeshifter) (D:13)
  3 large abominations (Elf:1)
  A kobold demonologist (D:11)
  3 rime drakes
  7 komodo dragons
  4 tengu conjurers
  An efreet (D:14)
  A yaktaur (D:15)
  3 trolls (Orc:2)
  5 polar bears
  A polar bear (shapeshifter) (D:14)
  2 hellwings (Orc:2)
  8 meliai
  3 hornets
  Prince Ribbit (D:5)
  12 merfolk
  13 tarantellas
  5 wind drakes
  5 blink frogs
  10 dream sheep
  7 snapping turtles
  16 jumping spiders
  A centaur simulacrum (D:12)
  11 culicivoras
  5 slime creatures
  A vampire (D:11)
  2 air elementals (Elf:1)
  3 wyverns
  10 spriggans
  A shadow (D:11)
  26 yaks
  4 wraiths
  3 basilisks
  Eustachio (D:6)
  3 fire elementals
  7 water elementals
  3 steam dragons
  15 redbacks
  13 vampire mosquitoes
  A merfolk zombie (Shoals:2)
  2 wargs
  2 acid dragons (D:11)
  12 water moccasins
  3 hell hounds (Orc:2)
  4 black bears
  35 orc warriors
  3 ice beasts
  A sky beast (D:7)
  16 wolves
  12 ogres
  4 boggarts (Lair:5)
  5 centaurs
  A phantom (D:5)
  2 kobold brigands
  3 lemures (D:7)
  9 elf zombies
  15 bullfrogs
  4 earth elementals
  7 scorpions
  7 wights
  3 killer bees (D:9)
  An electric eel (Lair:1)
  4 howler monkeys
  A centaur zombie (Ossuary)
  2 human zombies
  24 orc priests
  2 gnoll boudas
  4 jellies
  4 hounds
  A sleepcap (D:4)
  2 iguanas
  14 orc wizards
  3 mummies
  9 gnolls
  11 adders
  2 shadow imps
  A white imp (D:5)
  An ufetubus (D:5)
  3 adder zombies (Ossuary)
  4 worms
  2 dart slugs
  56 orcs
  3 ball pythons
  9 endoplasms
  8 giant cockroaches
  6 hobgoblins
  2 jackals (D:5)
  5 quokkas
  6 bats
  3 frilled lizards
  6 goblins
  A goblin zombie (Ossuary)
  14 hobgoblin zombies (Ossuary)
  15 kobolds
  7 kobold zombies (Ossuary)
  7 orc zombies
  5 rats
  2 rat zombies (Ossuary)
  A butterfly (Lair:3)
933 creatures vanquished.

Vanquished Creatures (collateral kills)
  A tengu reaver (D:12)
  An emperor scorpion (Spider:3)
  A merfolk javelineer (Shoals:3)
  A merfolk impaler (Shoals:2)
  A great orb of eyes (D:12)
  2 jorogumos (Spider:2)
  A merfolk avatar (Shoals:2)
  4 satyrs (Shoals:4)
  3 death yaks (Lair:1)
  3 merfolk aquamancers
  2 centaur warriors
  A two-headed ogre (Orc:2)
  A dancing weapon (Elf:2)
  A tengu warrior (D:15)
  2 demonic crawlers
  A deep elf knight (Elf:2)
  Nergalle (D:12)
  A skyshark (Shoals:3)
  A sea snake (Shoals:4)
  A sun moth (Spider:3)
  2 skeletal warriors (D:12)
  2 orb spiders (Spider:2)
  A deep elf archer (Elf:2)
  3 steelbarb worms
  A deep elf zephyrmancer (Elf:2)
  A wolf spider (Spider:1)
  2 orc sorcerers (Orc:2)
  An ugly thing (D:14)
  3 deep elf pyromancers
  7 harpies
  4 fauns
  2 cyclopes
  5 manticores
  2 black mambas
  6 elephants
  A merfolk siren (Shoals:4)
  A rust devil (Orc:1)
  A water nymph (Shoals:4)
  A cane toad (Lair:2)
  A gargoyle (D:12)
  An unseen horror (D:12)
  2 komodo dragons
  A tengu conjurer (D:15)
  2 hornets (Lair:5)
  4 wind drakes
  8 merfolk
  4 tarantellas
  6 dream sheep
  10 blink frogs
  A snapping turtle (Shoals:2)
  7 jumping spiders
  A centaur simulacrum (D:12)
  5 culicivoras
  4 spriggans (Lair:5)
  A wraith (D:12)
  4 water elementals
  A fire elemental (Elf:1)
  21 yaks
  2 basilisks
  7 redbacks
  3 vampire mosquitoes
  A steam dragon (Lair:1)
  An acid dragon (D:13)
  2 water moccasins (Lair:1)
  A hell hound (Orc:2)
  2 black bears
  An ogre (Orc:2)
  8 wolves
  2 bullfrogs
  A scorpion (Lair:3)
  An earth elemental (Elf:2)
  An electric eel (Lair:1)
  An orc priest (Orc:1)
  An orc wizard (Orc:2)
  A worm (Lair:3)
  8 orcs
  A giant cockroach (Lair:3)
205 creatures vanquished.

Vanquished Creatures (others)
  Asterion (Elf:1)
  An emperor scorpion (Spider:3)
  2 merfolk impalers (Shoals:3)
  A sphinx zombie (Shoals:4)
  2 radroaches (Spider:3)
  A guardian serpent zombie (Spider:3)
  An emperor scorpion zombie (Spider:3)
  2 deep elf knights (Elf:2)
  A skyshark (Shoals:3)
  A spark wasp zombie (Spider:3)
  A deep elf archer (Elf:2)
  2 steelbarb worms (Spider:3)
  2 deep elf pyromancers (Elf:2)
  A deep elf zephyrmancer (Elf:2)
  4 ugly thing zombies
  3 wolf spider zombies
  A manticore (Shoals:2)
  A moth of wrath (Spider:3)
  4 black mambas
  A water nymph (Shoals:3)
  A komodo dragon (Lair:3)
  3 steelbarb worm zombies
  2 sea snake zombies
  A death yak zombie (Lair:1)
  7 redback zombies
  A merfolk (Shoals:3)
  A wind drake (Shoals:2)
  15 harpy zombies
  3 demonic crawler zombies
  A tarantella (Spider:3)
  6 jumping spider zombies
  2 snapping turtles (Shoals:3)
  4 tarantella zombies
  A moth of wrath zombie (Spider:3)
  4 culicivora zombies
  4 satyr zombies (Shoals:4)
  3 radroach zombies
  2 black mamba zombies
  A slime creature (D:12)
  A slime creature zombie (D:12)
  A yak (Lair:1)
  A wind drake zombie (Shoals:2)
  A jumping spider (Spider:3)
  A water elemental (Shoals:2)
  5 dancing weapons
  4 redbacks (Spider:3)
  A skyshark zombie (Shoals:3)
  4 cane toad zombies
  A two-headed ogre zombie (Orc:2)
  2 water moccasins
  6 faun zombies
  11 merfolk zombies
  3 water nymph zombies (Shoals:2)
  A tengu zombie (D:13)
  An elephant zombie (Lair:5)
  A hornet zombie (Lair:5)
  2 orc warriors
  2 snapping turtle zombies
  A sky beast (D:7)
  5 manticore zombies
  14 elf zombies
  6 blink frog zombies
  A centaur (D:12)
  A rime drake zombie (Lair:4)
  A torpor snail zombie (Spider:1)
  3 vampire mosquito zombies (D:14)
  2 komodo dragon zombies
  2 bullfrogs
  2 cyclops zombies
  A wyvern zombie (Lair:5)
  A hell hound zombie (Orc:2)
  3 water moccasin zombies
  2 polar bear zombies
  3 spriggan zombies (Lair:5)
  9 yak zombies
  A wolf zombie (Lair:5)
  4 bullfrog zombies
  4 centaur zombies
  An orc priest (D:12)
  2 basilisk zombies
  2 orc wizards
  An ice beast zombie (D:12)
  A kobold zombie (D:12)
  An acid dragon zombie (D:11)
  7 ogre zombies
  An adder zombie (D:10)
  An orc (Orc:2)
  A goblin (D:10)
  A hobgoblin zombie (D:12)
  27 orc zombies
  65 fulminant prisms
321 creatures vanquished.

Grand Total: 1459 creatures vanquished

Notes
Turn   | Place    | Note
-------+----------+-------------------------------------------
     0 | D:1      | mive the Vampire Wanderer began the quest for the Orb.
     0 | D:1      | mive set off with the following items: a +2 short sword, a
                  | +0 quarterstaff, a +0 pair of gloves, a scroll of
                  | teleportation, a +0 robe.
     0 | D:1      | Reached XP level 1. HP: 16/16 MP: 2/2
   145 | D:1      | Reached XP level 2. HP: 22/22 MP: 3/3
  1074 | D:2      | Got a glossy book
  1267 | D:2      | Gained mutation: You are afflicted with vampirism and can
                  | become a bat while bloodless. [Vampire growth]
  1267 | D:2      | Reached XP level 3. HP: 27/27 MP: 4/4
  1400 | D:2      | Reached skill level 1 in Dodging
  2012 | D:3      | Learned a level 1 spell: Apportation
  2526 | D:3      | Reached XP level 4. HP: 33/33 MP: 5/5
  3173 | D:4      | Found a sand-covered staircase.
  3220 | Ossuary  | Entered an ossuary
  3283 | Ossuary  | Reached XP level 5. HP: 38/39 MP: 6/6
  3580 | Ossuary  | Reached skill level 1 in Translocations
  3580 | Ossuary  | Reached XP level 6. HP: 20/47 MP: 7/9
  3768 | D:4      | Learned a level 2 spell: Cigotuvi's Dreadful Rot
  3979 | D:4      | Found Nyuxtimoa's Distillery.
  3993 | D:4      | Bought a potion of curing for 36 gold pieces
  3993 | D:4      | Bought a potion of might for 48 gold pieces
  4368 | D:5      | Entered Level 5 of the Dungeon
  4728 | D:5      | Reached XP level 7. HP: 53/53 MP: 11/11
  4766 | D:5      | Reached skill level 1 in Necromancy
  4820 | D:5      | Found a staircase to the Ecumenical Temple.
  4925 | D:5      | Reached skill level 1 in Air Magic
  4963 | Temple   | Entered the Ecumenical Temple
  5032 | Temple   | Became a worshipper of Kikubaaqudgha
  5355 | D:6      | Reached skill level 1 in Evocations
  5902 | D:6      | Noticed Prince Ribbit
  5924 | D:5      | Killed Prince Ribbit
  5925 | D:5      | Reached skill level 1 in Poison Magic
  5925 | D:5      | Reached XP level 8. HP: 36/61 MP: 12/12
  6188 | D:6      | Reached skill level 5 in Fighting
  6258 | D:6      | Noticed Eustachio
  6274 | D:6      | Killed Eustachio
  6803 | D:7      | Noticed Joseph
  6946 | D:7      | Reached skill level 5 in Dodging
  7219 | D:7      | Reached * piety under Kikubaaqudgha
  7219 | D:7      | Received a gift from Kikubaaqudgha
  7254 | D:7      | Learned a level 1 spell: Necrotise
  7256 | D:7      | Learned a level 1 spell: Kiss of Death
  7329 | D:7      | Reached XP level 9. HP: 45/68 MP: 13/13
  7642 | D:7      | Noticed Pikel
  7930 | D:7      | Killed Pikel
  7931 | D:7      | Reached skill level 1 in Conjurations
  8179 | D:7      | Found a basalt altar of Yredelemnul.
  8750 | D:8      | Reached skill level 5 in Necromancy
  9142 | D:8      | Reached skill level 1 in Shields
  9407 | D:8      | Found a staircase to the Lair.
 10175 | D:8      | Reached XP level 10. HP: 40/59 MP: 15/15
 10304 | D:8      | Found Cumper's Jewellery Boutique.
 10520 | D:4      | Bought a potion of resistance for 120 gold pieces
 10520 | D:4      | Bought a potion of brilliance for 48 gold pieces
 10520 | D:4      | Bought a potion of invisibility for 96 gold pieces
 10520 | D:4      | Bought a potion of mutation for 96 gold pieces
 10988 | D:9      | Found Atseeh's Antique Weapon Boutique.
 11339 | D:9      | Noticed Harold
 11350 | D:9      | Upgraded the game from 0.31-a0-846-gb3bcc0d938 to
                  | 0.31-a0-851-g7ff8af7976
 11405 | D:9      | Learned a level 4 spell: Animate Dead
 11410 | D:9      | Learned a level 4 spell: Fulminant Prism
 11701 | D:9      | Reached skill level 1 in Hexes
 12281 | D:9      | Killed Harold
 12577 | D:10     | Entered Level 10 of the Dungeon
 12769 | D:10     | Found Veoxkat's Armour Boutique.
 12907 | D:10     | Found a staircase to the Orcish Mines.
 13211 | D:10     | Noticed a purple ugly thing
 13467 | Lair:1   | Entered Level 1 of the Lair of Beasts
 13488 | Lair:1   | Noticed a cane toad
 13494 | Lair:1   | a cane toad changed into a meliai
 13505 | Lair:1   | Reached skill level 5 in Hexes
 13537 | Lair:1   | Noticed a death yak
 13537 | Lair:1   | Noticed a death yak
 13537 | Lair:1   | Noticed a death yak
 13613 | Lair:1   | Noticed a black mamba
 13631 | Lair:1   | Killed a black mamba
 13632 | Lair:1   | Reached XP level 11. HP: 84/84 MP: 16/16
 13646 | Lair:1   | Learned a level 4 spell: Cause Fear
 13897 | Lair:1   | Noticed a death yak
 13904 | Lair:1   | Noticed a death yak
 13904 | Lair:1   | Noticed a death yak
 14031 | Lair:1   | Killed a death yak
 14398 | Lair:2   | Noticed a lindwurm
 14401 | Lair:2   | a lindwurm changed into a rime drake
 14618 | Lair:2   | Identified the +1 leather armour of Resilience {Harm rF-
                  | Regen+ rCorr}
 14715 | Lair:2   | Reached skill level 5 in Short Blades
 15010 | Orc:1    | Entered Level 1 of the Orcish Mines
 15042 | Orc:1    | Noticed an orc high priest
 15387 | Lair:2   | Noticed a seven-headed hydra
 15597 | Lair:2   | Noticed an eight-headed hydra
 15740 | Lair:2   | Killed a seven-headed hydra
 15760 | Lair:2   | Noticed a harpy
 15784 | Lair:2   | Killed a harpy
 15785 | Lair:2   | Reached skill level 5 in Conjurations
 15795 | Lair:2   | Found a staircase to the Shoals.
 15797 | Lair:2   | Noticed a harpy
 16118 | Lair:1   | Killed a death yak
 16119 | Lair:1   | Reached skill level 5 in Armour
 16151 | Lair:1   | Killed a death yak
 16152 | Lair:1   | Reached XP level 12. HP: 50/95 MP: 5/17
 16162 | Lair:1   | Killed a death yak
 16267 | Lair:1   | Killed a death yak
 16272 | Lair:1   | Killed a death yak
 17578 | Lair:3   | You fall into a shaft and drop 2 floors!
 17578 | Lair:5   | Entered Level 5 of the Lair of Beasts
 17662 | Lair:5   | Found a staircase to the Slime Pits.
 17706 | Lair:5   | // didnt get any heal wound despite already in lair
 17902 | Lair:5   | Reached skill level 10 in Fighting
 18072 | Lair:4   | Found a dark tunnel.
 18189 | Lair:3   | Reached skill level 5 in Spellcasting
 18190 | Lair:3   | Found a hole to the Spider Nest.
 18247 | Lair:3   | Reached skill level 5 in Evocations
 18295 | Lair:3   | Identified the +8 flail "Hell-Harrower" {speed, *Corrode
                  | rF+ Int+4}
 18414 | D:9      | Bought a glowing demon blade for 360 gold pieces
 18680 | Lair:3   | Learned a level 5 spell: Borgnjor's Vile Clutch
 18955 | Lair:3   | Reached skill level 1 in Long Blades
 19068 | Lair:4   | Reached skill level 1 in Earth Magic
 19077 | Lair:4   | Reached XP level 13. HP: 104/104 MP: 20/20
 19186 | Lair:4   | Identified the +2 ring mail of Yesterday {Stlth+}
 19205 | Lair:4   | Reached ** piety under Kikubaaqudgha
 21051 | Orc:1    | Found Ownuogunu's Antique Weapon Emporium.
 22079 | Orc:2    | Entered Level 2 of the Orcish Mines
 22491 | Orc:2    | Found a staircase to the Elven Halls.
 22742 | Lair:5   | Reached skill level 5 in Long Blades
 22781 | Lair:5   | Reached *** piety under Kikubaaqudgha
 22781 | Lair:5   | Received a gift from Kikubaaqudgha
 24349 | D:11     | Reached skill level 5 in Stealth
 24622 | D:11     | Found Dygimac's Distillery.
 24636 | D:11     | Bought a potion of ambrosia for 136 gold pieces
 24636 | D:11     | Bought a potion of invisibility for 136 gold pieces
 24636 | D:11     | Bought a potion of might for 68 gold pieces
 25947 | D:12     | You fall into a shaft and drop 3 floors!
 25947 | D:15     | Entered Level 15 of the Dungeon
 25997 | D:14     | Noticed Roxanne
 26258 | D:12     | Found Pilan's Weapon Shop.
 26295 | D:12     | Found Qyshom's General Store.
 26324 | D:12     | Noticed Lodul
 26363 | D:12     | Reached **** piety under Kikubaaqudgha
 26364 | D:12     | Reached XP level 14. HP: 88/113 MP: 18/22
 26396 | D:12     | Killed Lodul
 26493 | D:12     | Noticed Nergalle
 26509 | D:12     | Killed Nergalle
 26881 | D:12     | Reached skill level 5 in Earth Magic
 27070 | D:12     | Found Xuosuett's Magic Scroll Boutique.
 27106 | D:12     | Bought a scroll of identify for 22 gold pieces
 27106 | D:12     | Bought a scroll of identify for 22 gold pieces
 27200 | D:12     | Noticed a tengu reaver
 27233 | D:12     | Killed a tengu reaver
 27366 | D:12     | Learned a level 4 spell: Dispel Undead
 27370 | D:12     | Noticed Fannar
 27380 | D:12     | Killed Fannar
 27611 | D:12     | Found Lozuov's Armour Shop.
 27744 | D:12     | Found Poun's Assorted Antiques.
 27756 | D:12     | Bought a golden potion for 31 gold pieces
 27928 | D:12     | Noticed Josephine
 28490 | D:13     | Found a sparkling altar of Nemelex Xobeh.
 28522 | D:13     | Reached skill level 10 in Stealth
 29034 | D:13     | Noticed Erolcha
 29045 | D:13     | Killed Erolcha
 29750 | D:14     | Found a gate to the Vaults.
 30034 | D:12     | Bought a ring of protection from fire for 325 gold pieces
 30192 | D:14     | Noticed Domiom's ghost (journeyman DsAr)
 30193 | D:14     | Found a transporter.
 30195 | D:14     | Noticed a storm dragon
 30707 | D:14     | Found a transporter.
 30776 | D:14     | Noticed Nessos
 30804 | D:14     | Killed Nessos
 30998 | D:14     | Your ally Nessos died
 31043 | D:14     | Reached XP level 15. HP: 92/120 MP: 1/25
 31397 | D:15     | Found an ancient bone altar of Kikubaaqudgha.
 31511 | D:15     | Reached skill level 10 in Long Blades
 31682 | D:15     | Identified the +1 ring mail "Muir" {Int+2}
 32144 | Orc:2    | Found the +18 Lear's hauberk
 33189 | Orc:2    | Identified the +1 scimitar "Dagas" {antimagic, rPois rCorr
                  | Dex+4 Stlth-}
 33223 | Orc:2    | Reached ***** piety under Kikubaaqudgha
 33303 | Orc:2    | Noticed Donald
 33334 | Orc:2    | Killed Donald
 33381 | Orc:2    | Noticed Azrael
 33540 | Orc:2    | Found Ighei's Magic Scroll Shoppe.
 33541 | Orc:2    | Found Vacust's Distillery.
 35561 | Orc:2    | Found Olet's Jewellery Boutique.
 35561 | Orc:2    | Found Kelos's Antique Armour Shop.
 35562 | Orc:2    | Found a one-way gate leading to the halls of Pandemonium.
 35690 | Orc:2    | Bought a scroll of teleportation for 33 gold pieces
 35690 | Orc:2    | Bought a scroll of teleportation for 33 gold pieces
 36011 | Orc:2    | Bought a ring of willpower for 275 gold pieces
 36541 | D:12     | Killed Josephine
 37241 | D:15     | Learned a level 3 spell: Mephitic Cloud
 37839 | D:15     | Found a staircase to the Depths.
 37845 | D:15     | Noticed a storm dragon
 38193 | Spider:1 | Entered Level 1 of the Spider Nest
 39041 | Spider:1 | Reached XP level 16. HP: 111/129 MP: 5/27
 39869 | Shoals:1 | Entered Level 1 of the Shoals
 39869 | Shoals:1 | Found a transporter.
 39870 | Shoals:1 | Found a transporter.
 39901 | Shoals:1 | Found a transporter.
 39903 | Shoals:1 | Found a transporter.
 39924 | Shoals:1 | Reached skill level 10 in Necromancy
 40328 | Shoals:1 | Found a transporter.
 40330 | Shoals:1 | Found a transporter.
 40446 | Shoals:1 | Found a runed translucent door.
 40446 | Shoals:1 | Noticed Talonman3's ghost (journeyman DrCj)
 40542 | Shoals:1 | Killed Talonman3's ghost
 40549 | Shoals:1 | Identified the +4 short sword of the Scorpion {holy, Fly
                  | Will+ Int+3}
 42229 | Spider:2 | Found the +3 crown of Dyrovepreva {rElec Int+2 SInv}
 43550 | Spider:1 | Learned a level 2 spell: Blink
 43807 | Spider:2 | Reached skill level 5 in Shields
 44428 | Spider:2 | Found a runed translucent door.
 44429 | Spider:2 | Noticed Vetyenn's ghost (adept HOFi)
 44628 | Spider:3 | Noticed Aizul
 45239 | Shoals:2 | Reached skill level 10 in Dodging
 45405 | Shoals:2 | Learned a level 5 spell: Lee's Rapid Deconstruction
 45694 | Shoals:2 | Reached XP level 17. HP: 137/137 MP: 19/29
 46262 | Shoals:2 | Found a runed translucent door.
 46262 | Shoals:2 | Noticed Tinttamiau's ghost (journeyman DrIE)
 46484 | Shoals:2 | Killed Tinttamiau's ghost
 46580 | Shoals:3 | Found Nak Porph's Antique Weapon Shop.
 46746 | Shoals:3 | Noticed Ilsuiw
 46812 | Shoals:3 | Killed Ilsuiw
 47220 | Shoals:3 | Noticed Mara
 47352 | Shoals:3 | Got a graven book
 47702 | Shoals:4 | Entered Level 4 of the Shoals
 48350 | Shoals:4 | Reached ****** piety under Kikubaaqudgha
 48493 | Shoals:4 | Learned a level 3 spell: Tukima's Dance
 48638 | Shoals:4 | Noticed a sphinx
 48646 | Shoals:4 | Reached skill level 10 in Hexes
 48649 | Shoals:4 | Killed a sphinx
 48938 | Shoals:4 | Noticed a sphinx
 49158 | Shoals:3 | Killed a sphinx
 49857 | Shoals:4 | Got a barnacled rune of Zot
 51075 | Spider:3 | Killed Aizul
 51187 | Spider:3 | Identified the +0 plate armour of the Illusory Loafs
                  | {Rampage}
 51214 | Spider:3 | Noticed Bai Suzhen
 51224 | Spider:3 | Your ally Aizul died
 51878 | Spider:3 | Reached XP level 18. HP: 117/146 MP: 17/30
 51899 | Spider:3 | // how i hate spider
 51899 | Spider:3 | // such a pita
 52256 | Elf:1    | Entered Level 1 of the Elven Halls
 52278 | Elf:1    | Paralysed by an air elemental for 1 turns
 52281 | Elf:1    | Paralysed by an air elemental for 1 turns
 52551 | Elf:1    | Found a runed translucent gate.
 52551 | Elf:1    | Found a runed translucent gate.
 52551 | Elf:1    | Found a runed translucent gate.
 52552 | Elf:1    | Found an opulent altar of Gozag.
 52553 | Elf:1    | Noticed iamserjio's ghost (adept OpCK)
 52634 | Elf:1    | Found Dipnofam's Weapon Shop.
 52693 | Elf:1    | Found Iffegix's Jewellery Shoppe.
 52694 | Elf:1    | Found Wunguv's Book Boutique.
 52696 | Elf:1    | Found Gyach's Jewellery Shoppe.
 52745 | Elf:1    | Found Wule's Assorted Antiques.
 52752 | Elf:1    | Bought 2 scrolls labelled ZUUG FETAVY for 68 gold pieces
 53051 | Elf:1    | Got an odd book
 53464 | Elf:1    | Found Jeip's Armour Shoppe.
 53511 | Elf:1    | You fall into a shaft and drop 1 floor!
 53583 | Elf:2    | // possible BUG?: shafted into hall of bldes
 53823 | Elf:2    | Found a runed translucent gate.
 53823 | Elf:2    | Found a runed translucent gate.
 53824 | Elf:2    | Found a runed translucent gate.
 54055 | Elf:1    | //shafts are so much fun.
 54163 | Elf:2    | Found a magical portal.
 54195 | Elf:2    | fuck you game
 54616 | Elf:2    | Identified a scroll of acquirement
 54624 | Elf:2    | Acquired the ring of Xochocw {Wiz rN+ Str+5}
 54635 | Elf:2    | Learned a level 4 spell: Anguish
 55571 | Elf:2    | Found Jeutaom's Antique Armour Shop.
 55826 | Elf:2    | Found Xuuqageux's Antique Armour Boutique.
 55827 | Elf:2    | Found Biazag's Jewellery Boutique.
 55827 | Elf:2    | Found Dutobep's General Store.
 55887 | Elf:2    | Found Iphiz's Armour Shop.
 56121 | Elf:2    | Bought a scroll of teleportation for 30 gold pieces
 56604 | Elf:1    | Found Wiumus's Jewellery Emporium.
 56618 | Elf:1    | Noticed Asterion
 56628 | Elf:1    | Killed Asterion
 56752 | Elf:1    | Found Esmomm's Weapon Shoppe.
 57489 | Elf:3    | Entered Level 3 of the Elven Halls
 58702 | Spider:4 | Entered Level 4 of the Spider Nest
 58730 | Spider:3 | Reached skill level 10 in Spellcasting
 58731 | Spider:3 | HP: 6/148 [tarantella simulacrum (3)]
 58731 | Spider:3 | Slain by a tarantella simulacrum

Illustrated notes #..........## ##.........# ##........# #P........# #.......... ##......... #P......... #.Z........ #.@.......# ##......... ......... #...)..... #......... ##........ ......... ......... Turn 17706 on Lair:5: // didnt get any heal wound despite already in lair ##............. ....^.......... .............. # ###............ .> #.^............ ..^ #^......^..... ....###.^......... ........†......... .........@........ .................. ### ......†....Z§§....... ##.. ....^^.....ZDZ....^. ##^.. ######...).ZZ§§...s ##.... ###....§.....###..... s......§.....~~~... ................#### ................^... Turn 51899 on Spider:3: // how i hate spider ########### ###.......... #.)†........( ##............ #...Z.##...... #...Z## #...e #..@## ... ##...## #.... ##...##...... #........... #............ #............. ##............ ##........... #........... Turn 53583 on Elf:2: // possible BUG?: shafted into hall of bldes

.'....## ##.#### ###..+$$$
##...## ######..##'###....+$_8
##### ##.......#......#..+$$$ ##
##..................#E$$ .#
#......)...)........##.8
##....................###
#........................
######.##....[................
##.......##...@.........#......
#...#'#...##..).........##.....
#..⌠#'#⌠.....)######+#......### #
#.###'###......# #.#.......##
###.+ +∩+ +......# ###.#........#
....###'###......###...'........'
##...⌠#'#⌠......>'.....#.......##
##...#'#.......#########.....##
##...........## ##..<##


Turn 54055 on Elf:1: //shafts are so much fun. ..........)....# .........<)...#
.#............)...# .+................# #................# #................#
#.#########......# #.#.......#......# #.#.#...#@#......# #.#.#...#.#......#
#e#.#...#.#......# #e#.##.##.#......# #.##.##.#......# ..#.#...#.#......#
..#.#8∩8#.#......# ####.#####.##.##### ##.......#..# Turn 54195 on Elf:2: fuck
you game

Levels and vault maps discovered:
D:1:      scummos_arrival_star, layout_basic
D:2:      minmay_skewed_foursquare, layout_rooms, serial_glass, glass_columns_a,
          glass_columns_a, glass_columns_c, glass_columns_a, glass_columns_a,
          glass_columns_a, glass_columns_b, glass_columns_c, glass_columns_a,
          glass_columns_b, item_on_display_a, minmay_crystal_water,
          hangedman_decor_riveting
D:3:      layout_loops_corners
D:4:      layout_cave_pools, serial_shops, nicolae_shop_industrial_runoff,
          gup_ossuary_entry_pyramid
D:5:      layout_basic, minmay_temple_entry_grid, kennysheep_generic_room_6
D:6:      layout_basic, uniq_prince_ribbit1, uniq_eustachio
D:7:      layout_basic, kennysheep_little_box, uniq_pikel, uniq_joseph
D:8:      kennysheep_six_static_rooms, layout_basic, lair_entry_dummy,
          serial_shops, shop
D:9:      layout_roguey, serial_shops, nicolae_shop_getting_attention,
          grunt_ministairs_11, uniq_harold
D:10:     layout_loops_ring, orc_david_3, minmay_misc_feat_plants,
          kennysheep_doodads, hangedman_abyss_or_decor_stagger
D:11:     nicolae_cairo_tiling, layout_irregular_city, serial_shops,
          nicolae_shop_waterfront, minmay_increasing_density
D:12:     evilmike_horseshoe, layout_cave_pods, serial_shops,
          nicolae_shop_rolling_square, nicolae_shop_trees, shop,
          nicolae_shop_tiny_real_fake_doors, shop, uniq_josephine,
          uniq_nergalle, uniq_fannar, uniq_lodul
D:13:     layout_loops_cross, nemelex_lonely_heart_becter, uniq_erolcha
D:14:     layout_loops_ring, erik_vaults_1, gammafunk_ghost_berserking_beasts,
          minmay_tree_intersection, uniq_roxanne, uniq_nessos
D:15:     hellmonk_depths_entry_around_the_bend, layout_layer_cave,
          serial_park_avenue1, kiku_gazebo_pond_becter
Temple:   mainiacjoe_temple_archimedes_tessellation
Lair:1:   layout_chaotic_city, serial_rivers, chequers_serial_rivers_marsh,
          chequers_serial_rivers_marsh, chequers_serial_rivers_micro_b,
          chequers_serial_rivers_room_b, chequers_serial_rivers_micro_e,
          infiniplex_staircase_pool_2, serial_bayou_shore_a, lemuel_fruit_tree,
          serial_bayou_shore_b
Lair:2:   layout_chaotic_city, nicolae_shoals_entry_roost
Lair:3:   layout_loops_ring, nicolae_spider_entry_non_spiders,
          lemuel_fruit_fields, grunt_megastairs_4
Lair:4:   layout_misc_corridors, nicolae_volcano_entry_lava_flow
Lair:5:   minmay_lair_end_enchanted_forest, layout_big_grid, slime_entry_1,
          grunt_megastairs_2
Shoals:1: layout_shoals, gammafunk_ghost_grave, serial_nicolae_subway,
          nicolae_sub_station_metal, nicolae_sub_station_crystal,
          nicolae_sub_station_stone
Shoals:2: layout_shoals, gammafunk_ghost_grave
Shoals:3: layout_shoals, serial_shops, shop, uniq_mara, uniq_ilsuiw
Shoals:4: shoals_end_hellmonk_lost_city
Spider:1: layout_spider_delve, nicolae_spider_some_kinda_spiderbox
Spider:2: layout_spider_delve, ebering_ghost_inner_flame
Spider:3: layout_spider_delve, uniq_bai_suzhen, uniq_aizul
Spider:4: grunt_spider_rune_parallel, uniq_arachne, uniq_louise
Orc:1:    layout_diamond_mine, serial_shops, nicolae_shop_advertising_works
          [nicolae_subvault_shop_adworks]
Orc:2:    pf_orc_diabolical, layout_caves, basic_altar, elf_legates,
          uniq_azrael, uniq_donald
Elf:1:    layout_gridlike, serial_shops, shop, shop,
          nicolae_shop_real_fake_doors, shop, nicolae_shop_hallway_plus,
          ebering_ghost_gozag, minmay_elf_necromancy, minmay_shop_grove,
          uniq_asterion
Elf:2:    elven_hall_of_blades_hangedman_original [nooodl_blade_entry_preview],
          layout_onion_city, serial_shops, shop,
          lightli_enter_wizlab_magi_temple, minmay_shoptagon
Elf:3:    grunt_elf_hall_spiral, layout_onion_city, serial_shops, shop,
          uniq_norris

Skill      XL: |  1  2  3  4  5  6  7  8  9 10 11 12 13 14 15 16 17 18 |
---------------+-------------------------------------------------------+-----
Stealth        | 2 3 6 12 14 | 14.8
Fighting       | 2 3 4 5 6 7 9 10 11 12 13 14 | 14.9
Dodging        | 1 2 3 5 6 7 9 10 11 | 11.0
Short Blades   | 3 4 5 |  5.0
Spellcasting   | 2 3 5 7 8 10 | 10.0
Translocations | 1 2 |  2.2
Necromancy     | 2 3 5 7 8 9 10 11 | 11.6
Air Magic      | 2 3 4 |  4.6
Evocations     | 2 3 5 |  5.0
Poison Magic   | 1 2 |  2.0
Conjurations   | 2 3 5 6 |  6.2
Shields        | 2 4 5 7 9 |  9.0
Hexes          | 5 7 8 9 11 12 | 12.2
Armour         | 2 5 6 |  6.2
Long Blades    | 2 7 9 11 13 | 13.6
Earth Magic    | 1 4 6 7 8 9 |  9.9
Staves         | |  1.5
Throwing       | |  1.0

Action                     |  1- 3 |  4- 6 |  7- 9 | 10-12 | 13-15 | 16-18 || total
---------------------------+-------+-------+-------+-------+-------+-------++-------
  Melee: Short sword       |    93 |   232 |   341 |   691 |    88 |     1 ||  1446
         Bite              |     9 |    22 |    48 |   136 |   220 |   192 ||   627
         Dagger            |    26 |    29 |       |       |    10 |       ||    65
         Punch             |     1 |     2 |     5 |       |       |       ||     8
         Falchion          |       |     3 |       |       |       |       ||     3
         Demon blade       |       |       |       |     3 |  1182 |  1318 ||  2503
   Fire: Sling             |       |       |       |     9 |       |       ||     9
  Throw: Stone             |     7 |     7 |    22 |       |       |       ||    36
         Dart              |       |       |     4 |    63 |    12 |    12 ||    91
         Boomerang         |       |       |       |    22 |    61 |    50 ||   133
         Javelin           |       |       |       |       |       |     2 ||     2
   Cast: Apportation       |       |     1 |    11 |    25 |    35 |    46 ||   118
         Necrotise         |       |       |    66 |    48 |     4 |       ||   118
         Cigotuvi's Dreadf |       |       |     6 |     1 |     1 |       ||     8
         Kiss of Death     |       |       |     3 |       |       |       ||     3
         Animate Dead      |       |       |       |    17 |    59 |    51 ||   127
         Fulminant Prism   |       |       |       |     3 |    39 |    24 ||    66
         Cause Fear        |       |       |       |     2 |     7 |     7 ||    16
         Borgnjor's Vile C |       |       |       |       |   110 |   186 ||   296
         Dispel Undead     |       |       |       |       |    25 |    12 ||    37
         Mephitic Cloud    |       |       |       |       |     2 |    44 ||    46
         Tukima's Dance    |       |       |       |       |       |    71 ||    71
         Lee's Rapid Decon |       |       |       |       |       |    29 ||    29
         Blink             |       |       |       |       |       |     7 ||     7
         Anguish           |       |       |       |       |       |    27 ||    27
 Invoke: Unearth Wretches  |       |       |     3 |     6 |     6 |    14 ||    29
         Torment           |       |       |       |       |     1 |     2 ||     3
  Evoke: Wand              |       |       |     9 |    15 |    20 |    30 ||    74
         Lightning rod     |       |       |       |       |       |     1 ||     1
    Use: Scroll            |     1 |     1 |     6 |    14 |    10 |    19 ||    51
         Potion            |       |       |     1 |     6 |     4 |     8 ||    19
   Stab: Sleeping          |    10 |     8 |     3 |     1 |    12 |    14 ||    48
         Distracted        |     1 |     1 |     1 |     6 |    18 |    22 ||    49
         Invisible         |       |       |       |     2 |       |       ||     2
         Paralysed         |       |       |       |     7 |    15 |    19 ||    41
         Confused          |       |       |       |       |     1 |    10 ||    11
 Armour: Robe              |    20 |       |       |       |       |       ||    20
         Ring mail         |    36 |   112 |   238 |   162 |       |       ||   548
         Steam dragon scal |       |       |       |   223 |   836 |  1077 ||  2136
         Skin              |       |       |       |       |    40 |       ||    40
  Dodge: Dodged            |    47 |    88 |   210 |   363 |   939 |  1054 ||  2701
  Block: Buckler           |       |       |    16 |   159 |   357 |   355 ||   887
         Kite shield       |       |       |       |       |       |    93 ||    93
         Reflection        |       |       |       |       |       |    17 ||    17

Table legend: (Time is in decaauts)
 A = Elapsed time spent in this place.
 B = Non-inter-level travel time spent in this place.
 C = Inter-level travel time spent in this place.
 D = Time resting spent in this place.
 E = Time spent auto-exploring this place.
 F = Levels seen in this place.
 G = Mean time per level.
                   A        B        C        D        E       F      G
               +--------+--------+--------+--------+--------+-----+--------+
         Total |  58649 |  51635 |   7014 |  15988 |   7265 |  35 | 1675.7 |
       Dungeon |  23854 |  20050 |   3804 |   4089 |   4615 |  15 | 1590.3 |
        Temple |    122 |     32 |     90 |      0 |      0 |   1 |  122.0 |
          Lair |   9033 |   7825 |   1208 |   1404 |   1184 |   5 | 1806.6 |
        Shoals |   7737 |   7506 |    231 |   3002 |    599 |   4 | 1934.2 |
   Spider Nest |   5738 |   5108 |    630 |   2629 |    277 |   4 | 1434.5 |
  Orcish Mines |   5880 |   5300 |    580 |   2412 |    386 |   2 | 2940.0 |
   Elven Halls |   5779 |   5309 |    470 |   2379 |    203 |   3 | 1926.3 |
       Ossuary |    503 |    503 |      0 |     71 |      0 |   1 |  503.0 |
               +--------+--------+--------+--------+--------+-----+--------+

Top non-repeatable levels by time:
   Orc:2: 3869 daAuts
   Elf:2: 3330 daAuts
    D:12: 3208 daAuts
Spider:1: 2729 daAuts
   Elf:1: 2370 daAuts
     D:9: 2122 daAuts
Shoals:4: 2110 daAuts
  Lair:3: 2104 daAuts
     D:7: 2101 daAuts
  Lair:1: 2097 daAuts
  Lair:5: 2062 daAuts
Shoals:2: 2037 daAuts
   Orc:1: 2010 daAuts
    D:14: 2001 daAuts
     D:8: 1915 daAuts
